 Dungeon Sprint DCSS version 0.30-a0-359-gd0147acb1a (webtiles) character file.

Game seed: 8492469847011937394

267 opdollar the Summoner (level 6, -11/49 HPs)
             Began as a Gnoll Summoner on Nov 11, 2022.
             Was a Believer of Sif Muna.
             Mangled by a gnoll sergeant
             ... wielding a +0 spear
              (13 damage)
             ... in the Dungeon (Sprint VII: "The Pits").
             The game lasted 00:08:48 (134 turns).

opdollar the Summoner (Gnoll Summoner)               Turns: 134, Time: 00:08:56

Health: -11/49     AC:  2    Str:  8    XL:     6   Next: 21%
Magic:  3/15       EV: 14    Int: 16    God:    Sif Muna [**....]
Gold:   0          SH:  0    Dex: 12    Spells: 11/18 levels left

rFire   . . .      SeeInvis .    h - +2 hand axe (vorpal)
rCold   . . .      Faith    .    (no shield)
rNeg    . . .      Spirit   .    a - +0 robe
rPois   .          Reflect  .    (no helmet)
rElec   .          Harm     .    (no cloak)
rCorr   .          Rampage  .    (no gloves)
Will    .....      NoTele   +    (no boots)
Stlth   +++.......               (no amulet)
HPRegen 0.28/turn                (no ring)
MPRegen 0.14/turn                (no ring)

@: invisible
A: fangs 1, strong nose, distributed training
a: Renounce Religion, Channel Magic


You were in the Dungeon.
You worshipped Sif Muna.
Sif Muna was pleased with you.
You visited 1 branch

Inventory:

Hand Weapons
 h - a +2 vorpal hand axe (weapon)
 i - a +2 mace of holy wrath
Missiles
 k - 10 stones
Armour
 a - a +0 robe (worn)
Scrolls
 g - a scroll of blinking
 l - 5 scrolls of amnesia
 m - a scroll of summoning
 n - 2 scrolls of vulnerability
Potions
 b - 5 potions of magic
 c - a potion of curing
 e - a potion of haste
 f - 3 potions of berserk rage
 j - a potion of invisibility


   Skills:
 + Level 4.4 Fighting
 + Level 4.4 Short Blades
 + Level 4.4 Long Blades
 + Level 4.4 Axes
 + Level 4.4 Maces & Flails
 + Level 4.4 Polearms
 + Level 4.4 Staves
 + Level 4.4 Ranged Weapons
 + Level 4.4 Throwing
 + Level 4.4 Armour
 + Level 6.4 Dodging
 + Level 6.2 Stealth
 + Level 4.4 Shields
 + Level 4.4 Unarmed Combat
 + Level 6.8 Spellcasting
 + Level 3.6 Conjurations
 + Level 3.6 Hexes
 + Level 8.1 Summonings
 + Level 3.6 Necromancy
 + Level 3.6 Translocations
 + Level 3.6 Transmutations
 + Level 3.6 Fire Magic
 + Level 3.6 Ice Magic
 + Level 3.6 Air Magic
 + Level 3.6 Earth Magic
 + Level 3.6 Poison Magic
 + Level 4.9 Invocations
 + Level 4.4 Evocations


You had 11 spell levels left.
You knew the following spells:

 Your Spells              Type           Power      Damage    Failure   Level
a - Summon Small Mammal   Summ           100%       N/A       1%          1
b - Call Imp              Summ           31%        N/A       1%          2
c - Summon Lightning Spi  Summ/Air       24%        N/A       11%         4

Your spell library contained the following spells:

 Spells                   Type           Power      Damage    Failure   Level
 Call Canine Familiar     Summ           31%        N/A       1%          3
 Summon Guardian Golem    Hex/Summ       24%        N/A       3%          3


Dungeon Overview and Level Annotations

Branches:
Dungeon (1/1)

Altars:
Ashenzari
Cheibriados
Dithmenos
Elyvilon
Fedhas
Gozag
Hepliaklqana
Kikubaaqudgha
Makhleb
Nemelex Xobeh
Okawaru
Qazlal
Ru
Sif Muna
Trog
Uskayaw
Vehumet
Wu Jian
Xom
Yredelemnul
Zin
The Shining One
Jiyva
Lugonu


Innate Abilities, Weirdness & Mutations

You have very sharp teeth.
Your uncanny sense of smell can sniff out nearby items.
Your experience applies equally to all skills.


Message History

Your Axes skill increases to level 4!
Your Maces & Flails skill increases to level 4!
Your Polearms skill increases to level 4!
Your Staves skill increases to level 4!
Your Ranged Weapons skill increases to level 4!
Your Throwing skill increases to level 4!
Your Armour skill increases to level 4!
Your Stealth skill increases to level 6!
Your Shields skill increases to level 4!
Your Unarmed Combat skill increases to level 4!
Your Summonings skill increases to level 8!
Your Evocations skill increases to level 4!
You have reached level 6!
Casting: Summon Small Mammal (safe; 1% risk of failure)
Confirm with . or Enter, or press ? or * to list all spells.
You feel sick.
Your crimson imp hits the hobgoblin but does no damage.
The gnoll sergeant hits you from afar with a +0 spear!
* * * LOW HITPOINT WARNING * * *
The hobgoblin closely misses you. The hobgoblin attacks as you move away!
The hobgoblin barely misses you.
You feel sick.
Your crimson imp hits the hobgoblin but does no damage.
Your lightning spire shoots out a bolt of lightning at the hobgoblin!
The bolt of electricity hits the hobgoblin!
The hobgoblin dies!
Sif Muna accepts your kill.
Casting: Summon Small Mammal (safe; 1% risk of failure)
Confirm with . or Enter, or press ? or * to list all spells.
You feel sick.
The gnoll sergeant blocks your crimson imp's attack.
The gnoll sergeant hits you from afar with a +0 spear.
* * * LOW HITPOINT WARNING * * *
You fade into invisibility!
You feel sick.
You are no longer poisoned.
Your quokka bites the gnoll sergeant but does no damage.
Your crimson imp barely misses the gnoll sergeant.
The gnoll sergeant hits you from afar with a +0 spear!
You die...

#_______...###########+
##########'##..........
#....')).'.##......#..#
##########.##..........
#...........'..........
#+#####'#####......#..#
∆∆#.....##..........
∆∆#####'#####'#####+
∆∆#@r.).##.......#
∆∆#8r5..##.......#
∆∆###g####.......#
#g.gb.##...<...#
...g....##.......#
#........##.......#
###########.......#
#########


You could see a gnoll sergeant (unable to see you, ally target), a gnoll (unable
to see you, ally target), a bat, a friendly lightning spire (summoned), a
friendly crimson imp (summoned) and 2 friendly quokkas.

Vanquished Creatures
  A floating eye (D)
  A scorpion (D)
  An ufetubus (D)
  A kobold (D)
4 creatures vanquished.

Vanquished Creatures (collateral kills)
  A floating eye (D)
  An endoplasm (D)
  A hobgoblin (D)
3 creatures vanquished.

Grand Total: 7 creatures vanquished

Notes
Turn   | Place    | Note
-------+----------+-------------------------------------------
     0 | D        | opdollar the Gnoll Summoner began the quest for the Orb.
     0 | D        | Reached XP level 1. HP: 13/13 MP: 6/6
    10 | D        | Noticed a floating eye
    15 | D        | Paralysed by a floating eye for 4 turns
    19 | D        | Killed a floating eye
    20 | D        | Reached skill level 5 in Dodging
    20 | D        | Reached skill level 5 in Stealth
    20 | D        | Reached skill level 5 in Spellcasting
    20 | D        | Reached XP level 2. HP: 24/24 MP: 5/8
    20 | D        | Reached XP level 3. HP: 29/29 MP: 6/10
    20 | D        | Reached XP level 4. HP: 35/35 MP: 6/11
    25 | D        | Found a bloodstained altar of Trog.
    25 | D        | Found a shimmering blue altar of Sif Muna.
    25 | D        | Found a viscous altar of Jiyva.
    25 | D        | Found a hazy altar of Hepliaklqana.
    25 | D        | Found an opulent altar of Gozag.
    26 | D        | Found a glowing golden altar of the Shining One.
    26 | D        | Found a glowing silver altar of Zin.
    26 | D        | Found a basalt altar of Yredelemnul.
    26 | D        | Found a shimmering altar of Xom.
    26 | D        | Found an ornate altar of the Wu Jian Council.
    26 | D        | Found a sacrificial altar of Ru.
    26 | D        | Found a stormy altar of Qazlal.
    26 | D        | Found an iron altar of Okawaru.
    26 | D        | Found a sparkling altar of Nemelex Xobeh.
    26 | D        | Found a burning altar of Makhleb.
    26 | D        | Found a blossoming altar of Fedhas.
    26 | D        | Found a white marble altar of Elyvilon.
    26 | D        | Found a shadowy altar of Dithmenos.
    26 | D        | Found a snail-covered altar of Cheibriados.
    28 | D        | Found a corrupted altar of Lugonu.
    28 | D        | Found a radiant altar of Vehumet.
    29 | D        | Found an ancient bone altar of Kikubaaqudgha.
    29 | D        | Found a hide-covered altar of Uskayaw.
    29 | D        | Found a broken altar of Ashenzari.
    36 | D        | Became a worshipper of Sif Muna the Loreminder
    73 | D        | Noticed a scorpion
    82 | D        | Killed a scorpion
    83 | D        | Reached XP level 5. HP: 31/42 MP: 11/13
   104 | D        | Reached * piety under Sif Muna
   112 | D        | Learned a level 2 spell: Call Imp
   117 | D        | Learned a level 4 spell: Summon Lightning Spire
   119 | D        | Noticed a floating eye
   122 | D        | Paralysed by a floating eye for 2 turns
   127 | D        | Paralysed by a floating eye for 2 turns
   130 | D        | Killed a floating eye
   131 | D        | Reached skill level 8 in Summonings
   131 | D        | Reached XP level 6. HP: 21/49 MP: 5/15
   132 | D        | Reached ** piety under Sif Muna
   134 | D        | HP: 2/49 [poisoned by a gnoll]
   134 | D        | Mangled by a gnoll sergeant

Illustrated notes

Levels and vault maps discovered:
D:        pitsprint [storerooms_1, entrance_room_1, metal_vault_3, armoury_2,
          mini_pit_1, grid_room_1, main_hall_1, silver_pit, the_coven_1,
          the_vestibule_1, steel_vault_5, golden_pit, hallway_of_sentries,
          crystal_vault_6, iron_vault_4, final_vault]

Skill      XL: |  1  2  3  4  5 |
---------------+----------------+-----
Fighting       | 3 4 |  4.4
Short Blades   | 3 4 |  4.4
Long Blades    | 3 4 |  4.4
Axes           | 3 4 |  4.4
Maces & Flails | 3 4 |  4.4
Polearms       | 3 4 |  4.4
Staves         | 3 4 |  4.4
Ranged Weapons | 3 4 |  4.4
Throwing       | 3 4 |  4.4
Armour         | 3 4 |  4.4
Dodging        | 5 6 |  6.4
Stealth        | 5 6 |  6.2
Shields        | 3 4 |  4.4
Unarmed Combat | 3 4 |  4.4
Spellcasting   | 5 6 |  6.8
Conjurations   | 2 3 |  3.6
Hexes          | 2 3 |  3.6
Necromancy     | 2 3 |  3.6
Translocations | 2 3 |  3.6
Transmutations | 2 3 |  3.6
Fire Magic     | 2 3 |  3.6
Ice Magic      | 2 3 |  3.6
Air Magic      | 2 3 |  3.6
Earth Magic    | 2 3 |  3.6
Poison Magic   | 2 3 |  3.6
Invocations    | 3 4 |  4.9
Evocations     | 3 4 |  4.4
Summonings     | 8 |  8.1

Action                   |  1- 3 |  4- 6 || total
-------------------------+-------+-------++-------
Melee: Unarmed           |     1 |       ||     1
       Punch             |     1 |       ||     1
       Hand axe          |       |    13 ||    13
       Bite              |       |     2 ||     2
 Cast: Summon Small Mamm |     2 |     7 ||     9
       Call Imp          |       |     2 ||     2
       Summon Lightning  |       |     1 ||     1
  Use: Potion            |       |     2 ||     2
 Stab: Sleeping          |       |     2 ||     2
Armor: Robe              |       |     1 ||     1
Dodge: Dodged            |       |    18 ||    18

Table legend: (Time is in decaauts)
 A = Elapsed time spent in this place.
 B = Non-inter-level travel time spent in this place.
 C = Inter-level travel time spent in this place.
 D = Time resting spent in this place.
 E = Time spent auto-exploring this place.
 F = Levels seen in this place.
 G = Mean time per level.
                   A        B        C        D        E       F      G
               +--------+--------+--------+--------+--------+-----+--------+
         Total |    135 |     89 |     46 |     15 |      0 |   1 |  135.0 |
       Dungeon |    135 |     89 |     46 |     15 |      0 |   1 |  135.0 |
               +--------+--------+--------+--------+--------+-----+--------+

Top non-repeatable levels by time:
       D: 135 daAuts
